 Dungeon Crawl Stone Soup version 0.31-a0-369-g8eba5f6939 (webtiles) character file.

Game seed: 15042274200093335409

2766 lessens the Cleaver (level 9, -9/71 HPs)
             Began as a Demonspawn Fighter on July 29, 2023.
             Mangled by a hornet (11 damage)
             ... on level 8 of the Dungeon.
             The game lasted 00:14:35 (8458 turns).

lessens the Cleaver (Demonspawn Fighter)            Turns: 8458, Time: 00:14:36

Health: -9/71      AC: 15    Str: 21    XL:     9   Next: 42%
Magic:  0/9        EV: 10    Int:  9    God:
Gold:   205        SH:  0    Dex: 11    Spells: 8/8 levels left

rFire   + . .        a - +0 war axe
rCold   . . .        (no shield)
rNeg    + . .        w - +6 ring mail of the Devil's Advocate {rN+ Will+ Dex-2 Stlth+}
rPois   .            (helmet restricted)
rElec   .            E - +0 cloak
rCorr   .            f - +0 pair of gloves
SInv    .            (no boots)
Will    ++...        (no amulet)
Stlth   ++           x - ring of willpower
HPRegen 0.31/turn    j - ring of protection from fire
MPRegen 0.22/turn

%: guardian spirit
@: slowed, very slow
A: antennae 1, rugged brown scales 2, magic shield, magic regeneration, magic
link
a: no special abilities


You were on level 8 of the Dungeon.
You visited 2 branches of the dungeon, and saw 9 of its levels.
You also visited: Sewer.

You collected 319 gold pieces.
You spent 114 gold pieces at shops.

Inventory:

Hand Weapons
 a - a +0 war axe (weapon)
 b - a +6 shortbow of flaming
 H - a +0 battleaxe
Missiles
 d - 8 boomerangs
 e - 69 stones
 i - 17 poisoned darts
Armour
 c - a +0 buckler
 f - a +0 pair of gloves (worn)
 w - the +6 ring mail of the Devil's Advocate (worn) {rN+ Will+ Dex-2 Stlth+}
   (You found it on level 5 of the Dungeon)

   Dex:       It affects your dexterity (-2).
   rN:        It protects you from negative energy.
   Will:      It increases your willpower.
   Stlth:     It makes you more stealthy.
 B - a +0 scale mail
 E - a +0 cloak (worn)
Jewellery
 j - a ring of protection from fire (right hand)
 l - an amulet of faith
 x - a ring of willpower (left hand)
 A - a +6 ring of strength
 F - a +6 ring of dexterity
Wands
 y - a wand of polymorph (4)
 C - a wand of charming (11)
 I - a wand of quicksilver (9)
Scrolls
 h - a scroll of butterflies {unknown}
 k - 3 scrolls of teleportation
 m - 2 scrolls of torment
 n - 2 scrolls of fog
 o - a scroll of immolation {unknown}
 p - a scroll of identify
 t - a scroll of vulnerability {unknown}
 u - a scroll of brand weapon {unknown}
 z - 2 scrolls of blinking
Potions
 g - 3 potions of resistance
 q - 2 potions of magic
 r - a potion of ambrosia {unknown}
 s - 2 potions of curing
 v - a potion of cancellation {unknown}
 D - a potion of heal wounds {unknown}
 G - a potion of attraction
 J - a potion of berserk rage {unknown}


   Skills:
 + Level 5.1 Fighting
 * Level 11.4 Axes
 - Level 2.6 Armour
 - Level 2.6 Shields


You had 8 spell levels left.
You didn't know any spells.
Your spell library contained the following spells:

 Spells                   Type           Power      Damage    Failure   Level
 Sting                    Tmut/Pois      0%         1d3       54%         1
 Poisonous Vapours        Pois/Air       0%         N/A       69%         2
 Summon Guardian Golem    Hex/Summ       0%         N/A       89%         3
 Olgreb's Toxic Radiance  Pois           0%         N/A       100%        4
 Orb of Destruction       Conj           0%         9d5       100%        7
 Spellforged Servitor     Conj/Summ      0%         N/A       100%        7


Dungeon Overview and Level Annotations

Branches:
Dungeon (8/15) Zot: 26835  Temple (1/1) D:7 Zot: 5998   Sewer (visited)
   Lair: D:8-11

Altars:
Ashenzari
Cheibriados
Dithmenos
Fedhas
Gozag
Hepliaklqana
Kikubaaqudgha
Makhleb
Nemelex Xobeh
Ru
Sif Muna
Uskayaw
Vehumet
Wu Jian
Xom
Yredelemnul

Shops:
D:2 [   D:6 *   D:8 :


Innate Abilities, Weirdness & Mutations

You have a pair of small antennae on your head.
You are mostly covered in rugged brown scales. (AC +2, +5% HP)
When hurt, damage is shared between your health and your magic reserves.
You regenerate magic rapidly.
When low on magic, you restore magic in place of health.


Message History

You feel sick.
You are no longer poisoned.
The hornet stings you.
You feel as though you will be slow longer.
You can move again.
Unknown command.
Unknown command.
Unknown command.
You closely miss the hornet.
The hornet is lightly wounded.
The hornet stings you.
You are poisoned.
You feel as though you will be slow longer.
The hornet stings you.
You feel as though you will be slow longer.
You closely miss the hornet.
The hornet is lightly wounded.
You feel very sick. The hornet closely misses you.
The hornet stings you but does no damage.
You feel better. The hornet stings you!
You feel as though you will be slow longer.
The hornet stings you!
* * * LOW HITPOINT WARNING * * *
You suddenly lose the ability to move!
The hornet stings you!
* * * LOW HITPOINT WARNING * * *
You are poisoned.
You feel as though you will be slow longer.
* * * LOW HITPOINT WARNING * * *
You feel sick.
The hornet stings you but does no damage.
You can move again.
You feel better. The hornet stings you!
* * * LOW HITPOINT WARNING * * *
You shrug off the repeated paralysis!
The hornet closely misses you.
Aiming: Charm
Press: ? - help, Shift-Dir - straight line, f - hornet
Aim: a hornet (lightly wounded, chance to affect: 39%)
The hornet resists with some effort.
The hornet stings you!
You die...

#......................#
#....##.#..#.#.#.##.####
......###.............#
#.##..# ..#.#.#.##.#.#
#.# ... .....#.##.#.#
##.. #.##.#.# #.
#.##.#∩# #.##.#.#
#@##.#.# #y##.#.# ...
..# .#..# ### ...... ..
#.##. ... #.# . #.. #.#
#


You could see a hornet.

Vanquished Creatures
  Maggie (D:7)
  A hornet (D:7)
  Prince Ribbit (D:5)
  A sky beast (D:6)
  An ice beast (D:6)
  2 orc warriors (D:7)
  An ogre (D:5)
  A centaur (D:5)
  A boggart (D:5)
  A kobold brigand (D:8)
  2 scorpions
  4 bullfrogs
  3 wights
  5 hounds
  5 orc priests
  2 iguanas
  6 orc wizards
  4 gnolls (D:5)
  12 adders
  A river rat (D:5)
  3 shadow imps
  A white imp (D:4)
  2 ufetubi
  7 worms
  5 dart slugs
  24 orcs
  14 ball pythons
  3 bats
  8 endoplasms
  7 giant cockroaches
  6 hobgoblins
  5 jackals (D:4)
  10 quokkas
  8 frilled lizards
  6 goblins
  10 kobolds
  7 rats
181 creatures vanquished.

Notes
Turn   | Place    | Note
-------+----------+-------------------------------------------
     0 | D:1      | lessens the Demonspawn Fighter began the quest for the Orb.
     0 | D:1      | Reached XP level 1. HP: 18/18 MP: 1/1
    75 | D:1      | Reached skill level 2 in Axes
   124 | D:1      | Gained mutation: You are partially covered in rugged brown
                  | scales. (AC +1, +3% HP) [demonic ancestry]
   124 | D:1      | Reached XP level 2. HP: 10/24 MP: 2/2
   234 | D:1      | Found a faded altar of an unknown god.
   234 | D:1      | Noticed a shining eye
   237 | D:1      | Noticed a shining eye
   241 | D:1      | Noticed a shining eye
   241 | D:1      | Noticed a floating eye
   618 | D:2      | Reached skill level 3 in Axes
   684 | D:2      | Gained mutation: You are mostly covered in rugged brown
                  | scales. (AC +2, +5% HP) [demonic ancestry]
   684 | D:2      | Reached XP level 3. HP: 23/30 MP: 3/3
   898 | D:2      | Found Toviqen's Armour Emporium.
  1431 | D:3      | Gained mutation: You regenerate magic rapidly. [demonic
                  | ancestry]
  1431 | D:3      | Reached XP level 4. HP: 36/36 MP: 4/4
  1484 | D:3      | Reached skill level 4 in Axes
  2137 | D:3      | Found a broken altar of Ashenzari.
  2250 | D:3      | Found a sacrificial altar of Ru.
  2412 | D:3      | Found a radiant altar of Vehumet.
  2533 | D:4      | Gained mutation: When hurt, damage is shared between your
                  | health and your magic reserves. [demonic ancestry]
  2533 | D:4      | Reached XP level 5. HP: 43/43 MP: 5/5
  2545 | D:4      | Reached skill level 5 in Axes
  3043 | D:4      | Gained mutation: When low on magic, you restore magic in
                  | place of health. [demonic ancestry]
  3043 | D:4      | Reached XP level 6. HP: 41/49 MP: 3/6
  3268 | D:4      | Reached skill level 6 in Axes
  4332 | D:5      | Entered Level 5 of the Dungeon
  4332 | D:5      | Noticed Sigmund
  4458 | D:5      | Reached skill level 7 in Axes
  4461 | D:5      | Reached XP level 7. HP: 36/54 MP: 7/7
  4474 | D:5      | Identified the +6 ring mail of the Devil's Advocate {rN+
                  | Will+ Dex-2 Stlth+}
  4496 | D:5      | Noticed Prince Ribbit
  4553 | D:5      | Killed Prince Ribbit
  4554 | D:5      | Reached skill level 8 in Axes
  4707 | D:5      | Sigmund changed into Sigmund the orc
  4707 | D:5      | Noticed Sigmund
  4713 | D:5      | Killed Sigmund the orc
  4847 | D:5      | Found a glowing drain.
  4854 | Sewer    | Entered a sewer
  5117 | Sewer    | Reached XP level 8. HP: 60/60 MP: 8/8
  5306 | D:5      | Reached skill level 9 in Axes
  6071 | D:6      | Found Cecorri's General Store.
  6078 | D:6      | Bought a scroll of identify for 24 gold pieces
  6078 | D:6      | Bought a scroll of blinking for 90 gold pieces
  6864 | D:6      | Reached skill level 10 in Axes
  7013 | D:7      | Noticed a hornet
  7124 | D:7      | Noticed Maggie
  7152 | D:7      | Killed Maggie
  7290 | D:7      | Found a snail-covered altar of Cheibriados.
  7330 | D:7      | Killed a hornet
  7331 | D:7      | Gained mutation: You have a pair of small antennae on your
                  | head. [demonic ancestry]
  7331 | D:7      | Reached XP level 9. HP: 52/68 MP: 7/9
  7405 | D:7      | Found a hide-covered altar of Uskayaw.
  7592 | D:6      | Reached skill level 11 in Axes
  7853 | D:7      | Found a hazy altar of Hepliaklqana.
  8077 | D:6      | Reached skill level 5 in Fighting
  8200 | D:7      | Found a staircase to the Ecumenical Temple.
  8248 | Temple   | Entered the Ecumenical Temple
  8424 | D:8      | Found Bossofog's Book Shop.
  8450 | D:8      | Paralysed by a hornet for 3 turns
  8455 | D:8      | Paralysed by a hornet for 2 turns
  8457 | D:8      | HP: 2/71 [hornet (11)]
  8458 | D:8      | Mangled by a hornet

Illustrated notes

Levels and vault maps discovered:
D:1:      onia_arrival_handbag, layout_rooms,
          hellmonk_ecumenical_altar_watching_god
D:2:      layout_basic, serial_shops, nicolae_shop_tiny_glass,
          minmay_increasing_density
D:3:      layout_basic, mainiacjoe_overflow_boulevard,
          mainiacjoe_overflow_large_starburst, roderic_roman_lattice
D:4:      layout_layer_cave, mainiacjoe_overflow_alcove_4
D:5:      layout_rooms, mainiacjoe_overflow_six_doors_small,
          lightli_sewer_entry_pipes, serial_rivers,
          chequers_serial_rivers_small_a, chequers_serial_rivers_room_a,
          chequers_serial_rivers_micro_a, chequers_serial_rivers_marsh,
          chequers_serial_rivers_micro_c, chequers_serial_rivers_small_b,
          sigmund_army, uniq_sigmund, uniq_prince_ribbit1
D:6:      layout_layer_cave, serial_shops, shop_statue
D:7:      layout_cave_pools, mainiacjoe_overflow_brackets,
          kennysheep_slug_shrine, nicolae_uskayaw_dance_hall,
          minmay_temple_entry_statues_fountains, serial_bayou,
          serial_bayou_lagoon_b, serial_bayou_pond_d, serial_bayou_pond_a,
          serial_bayou_lagoon_a, uniq_maggie
D:8:      layout_basic, mainiacjoe_overflow_catwalk_spiral, serial_shops, shop
Temple:   minmay_temple_curvy_loop

Skill      XL: |  1  2  3  4  5  6  7  8  9 |
---------------+----------------------------+-----
Axes           | 2 3 4 5 7 8 10 11 | 11.4
Fighting       | 4 5 |  5.1
Armour         | |  2.6
Shields        | |  2.6

Action                     |  1- 3 |  4- 6 |  7- 9 || total
---------------------------+-------+-------+-------++-------
  Melee: War axe           |    84 |   173 |   297 ||   554
         Punch             |       |       |     3 ||     3
   Fire: Shortbow          |       |       |    59 ||    59
  Evoke: Wand              |       |     2 |     5 ||     7
    Use: Scroll            |       |     6 |     7 ||    13
         Potion            |       |     1 |     2 ||     3
   Stab: Sleeping          |       |       |     1 ||     1
 Armour: Scale mail        |    33 |    95 |     2 ||   130
         Ring mail         |       |       |   164 ||   164
  Dodge: Dodged            |    31 |   106 |   142 ||   279
  Block: Buckler           |    18 |    41 |    35 ||    94

Table legend: (Time is in decaauts)
 A = Elapsed time spent in this place.
 B = Non-inter-level travel time spent in this place.
 C = Inter-level travel time spent in this place.
 D = Time resting spent in this place.
 E = Time spent auto-exploring this place.
 F = Levels seen in this place.
 G = Mean time per level.
                   A        B        C        D        E       F      G
               +--------+--------+--------+--------+--------+-----+--------+
         Total |   8696 |   8364 |    332 |   1062 |   5250 |  10 |  869.6 |
       Dungeon |   8297 |   7965 |    332 |   1062 |   5161 |   8 | 1037.1 |
        Temple |      1 |      1 |      0 |      0 |      0 |   1 |    1.0 |
         Sewer |    397 |    397 |      0 |      0 |     89 |   1 |  397.0 |
               +--------+--------+--------+--------+--------+-----+--------+

Top non-repeatable levels by time:
     D:4: 1868 daAuts
     D:6: 1809 daAuts
     D:3: 1117 daAuts
     D:5: 1053 daAuts
     D:7: 824 daAuts
     D:2: 782 daAuts
     D:1: 678 daAuts
   Sewer: 397 daAuts
     D:8: 163 daAuts
  Temple: 1 daAuts

Levels and vault maps discovered:
D:1:      onia_arrival_handbag, layout_rooms,
          hellmonk_ecumenical_altar_watching_god
D:2:      layout_basic, serial_shops, nicolae_shop_tiny_glass,
          minmay_increasing_density
D:3:      layout_basic, mainiacjoe_overflow_boulevard,
          mainiacjoe_overflow_large_starburst, roderic_roman_lattice
D:4:      layout_layer_cave, mainiacjoe_overflow_alcove_4
D:5:      layout_rooms, mainiacjoe_overflow_six_doors_small,
          lightli_sewer_entry_pipes, serial_rivers,
          chequers_serial_rivers_small_a, chequers_serial_rivers_room_a,
          chequers_serial_rivers_micro_a, chequers_serial_rivers_marsh,
          chequers_serial_rivers_micro_c, chequers_serial_rivers_small_b,
          sigmund_army, uniq_sigmund, uniq_prince_ribbit1
D:6:      layout_layer_cave, serial_shops, shop_statue
D:7:      layout_cave_pools, mainiacjoe_overflow_brackets,
          kennysheep_slug_shrine, nicolae_uskayaw_dance_hall,
          minmay_temple_entry_statues_fountains, serial_bayou,
          serial_bayou_lagoon_b, serial_bayou_pond_d, serial_bayou_pond_a,
          serial_bayou_lagoon_a, uniq_maggie
D:8:      layout_basic, mainiacjoe_overflow_catwalk_spiral, serial_shops, shop
Temple:   minmay_temple_curvy_loop
